 Dungeon Crawl Stone Soup version bcrawl-1.20 (webtiles) character file.

Game seed: 633948296373531114

17 Ajdolov the Scratcher (level 2, 0/14 HPs)
             Began as a Felid Transmuter on Jan 16, 2020.
             Slain by a kobold
             ... wielding a cursed +0 short sword
              (6 damage)
             ... on level 1 of the Dungeon.
             The game lasted 00:03:15 (751 turns).

Ajdolov the Scratcher (Felid Transmuter)             Turns: 751, Time: 00:03:15

Health: 0/14       AC:  1    Str:  6    XL:     2   Next: 62%
Magic:  6/6        EV: 18    Int: 14    God:
Gold:   113        SH:  0    Dex: 16    Spells: 4/5 levels left
                                        Lives:  0   Deaths: 0

rFire    . . .     SeeInvis +     - Unarmed
rCold    . . .     Gourm    .   (shield unavailable)
rNeg     . . .     Faith    .   (armour unavailable)
rPois    .         Spirit   .   (helmet unavailable)
rElec    .         Reflect  .   (cloak restricted)
rCorr    .         Harm     .   (gloves unavailable)
MR       .....                  (boots unavailable)
Stlth    ++........             (no amulet)
HPRegen  0.04/turn              (no ring)
MPRegen  0.10/turn              (no ring)

@: quick
A: very small, no armour, no weapons or thrown items, stealth, claws 1, fangs 3,
see invisible, carnivore, speed 1, shaggy fur 1, slow metabolism 1, sharp paws
a: no special abilities


You were on level 1 of the Dungeon.
You were very full.

You visited 1 branch of the dungeon, and saw 1 of its levels.

You collected 113 gold pieces.

Inventory:

Missiles
 a - 205 arrows
Scrolls
 b - a scroll of remove curse {unknown}
 i - a scroll of enchant armour {unknown}
 j - a scroll of blinking {unknown}
 m - a scroll of enchant weapon {unknown}
Potions
 c - a potion of lignification
 d - 2 potions of curing {unknown}
 f - a potion of brilliance {unknown}
 g - a potion of might {unknown}
 h - a potion of cancellation {unknown}
 k - a potion of berserk rage {unknown}
Comestibles
 e - 2 rations {!d}
 l - 4 chunks of flesh


   Skills:
 - Level 1.3 Fighting
 + Level 2.7 Dodging
 + Level 3.9 Unarmed Combat
 - Level 2.4 Spellcasting
 * Level 2.7 Transmutations


You had 4 spell levels left.
You knew the following spells:

 Your Spells              Type           Power        Failure   Level  Hunger
a - Beastly Appendage     Tmut           #.....       8%          1    #......

Your spell library contained the following spells:

 Spells                   Type           Power        Failure   Level  Hunger
 Sticks to Snakes         Tmut           #.......     12%         2    ###....
 Spider Form              Tmut/Pois      #..          36%         3    ###....
 Ice Form                 Ice/Tmut       #.......     78%         4    #####..
 Blade Hands              Tmut           #.........   91%         5    ######.


Dungeon Overview and Level Annotations

Branches:
Dungeon (1/12)

Altars:


Innate Abilities, Weirdness & Mutations

You cannot wear almost all types of armour.
You are incapable of wielding weapons or throwing items.
Your paws allow you to move quietly. (Stealth)
You have sharp claws.
You have razor-sharp teeth.
You have supernaturally acute eyesight. (SInv)
You are carnivorous and can eat meat at any time.
You cover ground quickly.
You are covered in fur. (AC +1)
You have a slow metabolism.
Your sharp claws are effective at attacking unaware monsters.


Message History

Things that are here:
a +0 dagger; 3 chunks of flesh; a goblin skeleton
l - 4 chunks of flesh (gained 3)
The goblin misses you.
Found a lumpy golden potion.
The bat completely misses you.
Found a stone staircase leading down.
The bat closely misses you. The bat closely misses you.
Found 26 gold pieces.
The bat completely misses you. The bat closely misses you. The bat misses you.
The bat barely misses you.
You scratch the bat.
You kill the bat!
The kobold barely misses you.
You see here 26 gold pieces.
You now have 113 gold pieces (gained 26).
The kobold hits you with a cursed +0 short sword.
You die...

#....#.#...####................
...........#...........###.#####
.....#.#..##>##.........# .# #.
.....#.#.........#.###..# .# #.
#.#..#.#..##.##..#.# #..# #.
#.#..#.#..##.##..#.# ..# ##.
#.#........ ..!..#.# ..# #..
.....#.##.##.##..#g###..#. ###..
..#.............@K........ .....
....b ..........###.##. # ##..
..... ................ ..##..
..... ................ ......
##### ######........## ......
♣♣♣ #.#..##### #..... ♣♣≈≈
#.#..# ...... #♣≈≈≈≈ #.#..#
...... ♣♣♣♣≈≈≈≈♣♣#♣♣♣#.#..#
#.#...


You could see a goblin and a kobold.

Vanquished Creatures
  A ball python (D:1)
  A goblin (D:1)
  2 hobgoblins (D:1)
  A jackal (D:1)
  5 bats (D:1)
  A frilled lizard (D:1)
  2 rats (D:1)
13 creatures vanquished.

Notes
Turn   | Place    | Note
-------+----------+-------------------------------------------
     0 | D:1      | Ajdolov the Felid Transmuter began the quest for the Orb.
     0 | D:1      | Reached XP level 1. HP: 10/10 MP: 4/4
   225 | D:1      | Reached XP level 2. HP: 14/14 MP: 6/6
   751 | D:1      | Slain by a kobold

Action                   || total
-------------------------++-------
Melee: Unarmed           ||    46
       Bite              ||     4
 Stab: Sleeping          ||     1
  Eat: Chunk             ||     5
Armor: Skin              ||     5
Dodge: Dodged            ||    55
